[Event "Titled Tuesday Blitz August 09 Early 2022"]
[White "Ibarra Jerez, Jose Carlos"]
[Black "Yedidia, Daniel"]
[WhiteFideId "2226332"]
[BlackFideId "30905907"]
[WhiteElo "2628"]
[BlackElo "2539"]
[Result "1-0"]
[Round "04"]
[TimeControl "180+1"]
[Date "2022.08.09"]
[WhiteClock "0:00:21"]
[BlackClock "0:00:29"]

1. e4 e5 2. Nf3 Nc6 3. Bb5 a6 4. Bxc6 dxc6 5. O-O Bd6 6. d4 exd4 7. Qxd4 f6 8. Be3 Ne7 9. Nbd2 Be6 10. Qc3 Ng6 11. Nd4 Qe7 12. a3 O-O 13. f4 Bd7 14. Rae1 Rae8 15. g3 Qd8 16. Qb3+ Kh8 17. Qxb7 Qb8 18. Qxb8 Rxb8 19. Nc4 c5 20. Nb3 Bb5 21. Nba5 Rfe8 22. Bd2 h6 23. b3 Bd7 24. Nxd6 cxd6 25. Nc4 Be6 26. Nxd6 Red8 27. e5 Bh3 28. Nf7+ Kg8 29. Nxd8 Bxf1 30. Nc6 Rb6 31. Kxf1 Rxc6 32. exf6 gxf6 33. Re4 Kf7 34. Be3 Nf8 35. f5 h5 36. Rh4 Nd7 37. Rxh5 Ne5 38. Rh7+ Kg8 39. Re7 Ng4 40. Bg1 Nh6 41. Re6 Rxe6 42. fxe6 Ng4 43. h3 Nh6 44. Bxc5 Nf5 45. g4 Ng3+ 46. Kg2 Ne4 47. Bb4 Ng5 48. e7 Kf7 49. h4 Ne6 50. c3 a5 51. Bxa5 Kxe7 52. Bb4+ Kd7 53. Kf3 Kc6 54. Ke4 Kd7 55. Kf5 1-0


[Site "https://www.chess.com"]

[Event "Titled Tuesday Blitz August 09 Early 2022"]
[White "Janaszak, Dawid"]
[Black "Zainullina, Nataliya"]
[WhiteFideId "1119206"]
[BlackFideId "4145488"]
[WhiteElo "2165"]
[BlackElo "2100"]
[Result "1-0"]
[Round "04"]
[TimeControl "180+1"]
[Date "2022.08.09"]
[WhiteClock "0:01:44"]
[BlackClock "0:00:36"]

1. Nc3 d5 2. e4 dxe4 3. Nxe4 Bf5 4. Ng3 Bg6 5. d4 e6 6. Nh3 Nf6 7. Nf4 c6 8. h4 Ne4 9. Nxg6 Nxg3 10. Nxh8 Nxh1 11. Bg5 f6 12. Qh5+ g6 13. Qxh7 Qa5+ 14. Bd2 Bb4 15. c3 Be7 16. Nxg6 Qc7 17. Bf4 e5 18. dxe5 fxe5 19. O-O-O Bf8 20. Qxc7 1-0


[Site "https://www.chess.com"]

[Event "Titled Tuesday Blitz August 09 Early 2022"]
[White "Jeet, Jain"]
[Black "Prokofiev, Valentyn"]
[WhiteFideId "5073022"]
[BlackFideId "14160161"]
[WhiteElo "2055"]
[BlackElo "2259"]
[Result "1-0"]
[Round "04"]
[TimeControl "180+1"]
[Date "2022.08.09"]
[WhiteClock "0:00:18"]
[BlackClock "0:00:04"]

1. d4 Nf6 2. Nf3 c5 3. dxc5 g6 4. Nc3 Bg7 5. g3 O-O 6. Bg2 Qa5 7. O-O Qxc5 8. e4 d6 9. Be3 Qa5 10. h3 Nc6 11. Nd4 Bd7 12. f4 Rfc8 13. Nb3 Qd8 14. Qe2 a6 15. Rad1 b5 16. a3 Rab8 17. Nd5 Nxd5 18. exd5 Na5 19. Nxa5 Qxa5 20. c3 Re8 21. Bd4 Bxd4+ 22. Rxd4 Qb6 23. Kh2 a5 24. Be4 Qc5 25. f5 b4 26. fxg6 hxg6 27. axb4 axb4 28. Qd3 bxc3 29. Bxg6 Rxb2+ 30. Kh1 Rf8 31. Rh4 f5 32. Bxf5 Bxf5 33. Rxf5 Rxf5 34. Qxf5 Rb1+ 35. Qxb1 c2 36. Qb8+ Kf7 37. Rh7+ Kf6 38. Qf8+ Ke5 39. Qf4+ Kxd5 40. Rh5+ e5 41. Qf3+ Ke6 42. Rh6+ Kd7 43. Qb7+ Qc7 44. Rh7+ Ke6 45. Qxc7 c1=Q+ 46. Qxc1 1-0


[Site "https://www.chess.com"]

[Event "Titled Tuesday Blitz August 09 Early 2022"]
[White "Jiganchine, Roman"]
[Black "Butti, Enrique"]
[WhiteFideId "2603667"]
[BlackFideId "3700470"]
[WhiteElo "2295"]
[BlackElo "2080"]
[Result "1-0"]
[Round "04"]
[TimeControl "180+1"]
[Date "2022.08.09"]
[WhiteClock "0:00:51"]
[BlackClock "0:01:15"]

1. Nf3 d5 2. e3 c5 3. d4 Nc6 4. c4 e6 5. Nc3 Nf6 6. a3 a6 7. dxc5 Bxc5 8. b4 Bd6 9. cxd5 exd5 10. Bb2 O-O 11. Be2 Re8 12. O-O Bc7 13. Rc1 Qd6 14. Na4 Ne4 15. Nc5 Ng5 16. g3 Nh3+ 17. Kg2 Rb8 18. Qc2 Bd7 19. Rcd1 Bb6 20. Nd4 Qh6 21. Nxd7 1-0


[Site "https://www.chess.com"]

[Event "Titled Tuesday Blitz August 09 Early 2022"]
[White "Karttunen, Mika"]
[Black "Kamsky, Gata"]
[WhiteFideId "502081"]
[BlackFideId "2000024"]
[WhiteElo "2343"]
[BlackElo "2666"]
[Result "1/2-1/2"]
[Round "04"]
[TimeControl "180+1"]
[Date "2022.08.09"]
[WhiteClock "0:00:02"]
[BlackClock "0:00:04"]

1. d4 f5 2. Nc3 Nf6 3. Bg5 c6 4. Bxf6 exf6 5. e3 d5 6. Bd3 Be6 7. h4 h5 8. Qf3 g6 9. Nge2 Bd6 10. Nf4 Bf7 11. a3 a5 12. b3 Qe7 13. Nb1 b5 14. O-O O-O 15. Nd2 Bxa3 16. Rxa3 Qxa3 17. Nxh5 Nd7 18. Ng3 Qb4 19. Nxf5 Qxd2 20. Ne7+ Kg7 21. Qg4 Rfd8 22. Nxg6 Bxg6 23. Qxg6+ Kf8 24. Qh6+ Ke7 25. Qg7+ Kd6 26. Qg3+ Ne5 27. dxe5+ fxe5 28. Qg6+ Kc5 29. e4 a4 30. exd5 Rxd5 31. bxa4 bxa4 32. Qf6 a3 33. Qe7+ Kd4 34. Qb7 Qa5 35. Qb3 Qc3 36. Qb6+ Qc5 37. Qb7 Ra7 38. Qb8 a2 39. Qb2+ Qc3 40. Qb6+ Qc5 41. Qb2+ Qc3 42. Qb6+ Qc5 43. Qb2+ 1/2-1/2


[Site "https://www.chess.com"]

[Event "Titled Tuesday Blitz August 09 Early 2022"]
[White "Kilic, Eray"]
[Black "Uskov, Artem"]
[WhiteFideId "44517173"]
[BlackFideId "34254854"]
[WhiteElo "1776"]
[BlackElo "2335"]
[Result "0-1"]
[Round "04"]
[TimeControl "180+1"]
[Date "2022.08.09"]
[WhiteClock "0:00:06"]
[BlackClock "0:00:06"]

1. e4 c5 2. Nf3 d6 3. d4 cxd4 4. Nxd4 Nf6 5. Nc3 a6 6. Be3 Ng4 7. Bg5 h6 8. Bh4 g5 9. Bg3 Bg7 10. Be2 Ne5 11. O-O Nbc6 12. Nb3 Ng6 13. Bh5 Be6 14. Nd5 Bxd5 15. exd5 Nce5 16. Nd4 Qd7 17. Ne6 fxe6 18. Bxe5 Bxe5 19. Bxg6+ Kd8 20. Re1 Rf8 21. c3 Kc7 22. Be4 Rab8 23. Qb3 exd5 24. Bxd5 Qg4 25. Re4 Rf4 26. h3 Qf5 27. Rae1 b5 28. c4 e6 29. Rxf4 Qxf4 30. g3 bxc4 31. Qa4 Qf6 32. Qxc4+ Kd8 33. Bxe6 Rxb2 34. Qc8+ Ke7 35. Qd7+ Kf8 36. Bf5 Qe7 37. Qc8+ Kg7 38. Bc2 Qf6 39. Qd7+ Qf7 40. Qc8 Bd4 41. Rf1 Rb5 42. Bd3 Rc5 43. Qb7 Be5 44. Qg2 Rc3 45. Be4 Bd4 46. Bd5 Qf6 47. Kh1 Qe5 48. Rb1 Kf6 49. Bf3 Qf5 50. Bg4 Qxb1+ 51. Kh2 Qc2 52. Kg1 Qxf2+ 53. Qxf2+ Bxf2+ 54. Kxf2 Rc2+ 55. Ke3 Rxa2 0-1


[Site "https://www.chess.com"]

[Event "Titled Tuesday Blitz August 09 Early 2022"]
[White "Korchmar, Vasiliy"]
[Black "Fiorito, Joaquin"]
[WhiteFideId "24131750"]
[BlackFideId "180173"]
[WhiteElo "2370"]
[BlackElo "1758"]
[Result "1-0"]
[Round "04"]
[TimeControl "180+1"]
[Date "2022.08.09"]
[WhiteClock "0:00:58"]
[BlackClock "0:00:12"]

1. e4 c6 2. d4 d5 3. e5 Bf5 4. c4 e6 5. Nc3 Ne7 6. a3 h6 7. Nge2 dxc4 8. Ng3 Bg6 9. Bxc4 Nd5 10. O-O Be7 11. f4 O-O 12. f5 exf5 13. Nxf5 Bxf5 14. Rxf5 Na6 15. Qg4 Kh8 16. Rh5 f5 17. Qh3 f4 18. Bxf4 Rxf4 19. Rxh6+ gxh6 20. Qxh6+ Kg8 21. Qxf4 Nc7 22. Rf1 Qf8 23. Qe4 Qh6 24. Rf4 Rf8 25. Nxd5 cxd5 26. Bxd5+ Nxd5 27. Qxd5+ Kh8 28. Rxf8+ Qxf8 29. Qxb7 Qd8 30. d5 Bc5+ 31. Kh1 Qg5 32. Qc8+ Kh7 33. Qxc5 Qxe5 34. Qxa7+ Kh6 35. Qb6+ Kh7 36. d6 Qe1+ 37. Qg1 Qd2 38. Qb1+ Kg7 39. b4 Qxd6 40. b5 1-0


[Site "https://www.chess.com"]

[Event "Titled Tuesday Blitz August 09 Early 2022"]
[White "Kravtsiv, Martyn"]
[Black "Dubov, Daniil"]
[WhiteFideId "14113147"]
[BlackFideId "24126055"]
[WhiteElo "2802"]
[BlackElo "2996"]
[Result "1/2-1/2"]
[Round "04"]
[TimeControl "180+1"]
[Date "2022.08.09"]
[WhiteClock "0:00:38"]
[BlackClock "0:00:22"]

1. e4 e5 2. Nf3 Nc6 3. Nc3 Nf6 4. a4 Be7 5. Bb5 O-O 6. O-O d6 7. Bxc6 bxc6 8. d4 exd4 9. Nxd4 Bd7 10. Qf3 c5 11. Nf5 Bxf5 12. Qxf5 Qc8 13. Qxc8 Rfxc8 14. b3 Rab8 15. Rb1 Nd7 16. Nd5 Kf8 17. Bd2 Nf6 18. Nxe7 Kxe7 19. Bc3 Kf8 20. Rfe1 Nd7 21. Rbd1 f6 22. f3 Kf7 23. Kf2 Re8 24. h4 h5 25. Rg1 Ne5 26. Rd5 Rh8 27. Ke3 Ng6 28. g3 Ne7 29. Rd2 Nc6 30. Rd5 Rbe8 31. Kf2 Ne7 32. Rd2 Rb8 33. Re1 Rhe8 34. Ba5 Rbc8 35. Bc3 Nc6 36. Rd5 Rh8 37. Rg1 Rb8 38. Rgd1 Rbe8 39. Rg1 Rb8 40. Rgd1 Rbe8 41. Rg1 1/2-1/2


[Site "https://www.chess.com"]

[Event "Titled Tuesday Blitz August 09 Early 2022"]
[White "Krzywda, Andrzej"]
[Black "Zaloznyy, Mike"]
[WhiteFideId "1114565"]
[BlackFideId "2023075"]
[WhiteElo "2098"]
[BlackElo "2003"]
[Result "0-1"]
[Round "04"]
[TimeControl "180+1"]
[Date "2022.08.09"]
[WhiteClock "0:00:05"]
[BlackClock "0:00:05"]

1. d4 Nf6 2. Nf3 e6 3. g3 b6 4. Bg2 Bb7 5. O-O Be7 6. b3 O-O 7. Bb2 d5 8. c4 c5 9. Nc3 dxc4 10. bxc4 cxd4 11. Qxd4 Qxd4 12. Nxd4 Bxg2 13. Kxg2 Rc8 14. Rac1 Rxc4 15. Ncb5 Rxc1 16. Rxc1 Na6 17. Nc6 Bc5 18. Nbxa7 Nb8 19. Nxb8 Rxa7 20. Bxf6 gxf6 21. Rc2 Kf8 22. Nc6 Ra4 23. Rd2 Ra8 24. Kf3 Ke8 25. a4 e5 26. Rd5 Rc8 27. Na7 Ra8 28. Nc6 Rc8 29. Na7 Ra8 30. Nb5 Rxa4 31. e3 Ke7 32. h4 Rb4 33. Nc3 Ke6 34. Rd8 f5 35. Nd5 e4+ 36. Kg2 Rb2 37. Nf4+ Kf6 38. Rd7 Kg7 39. Rd5 Bxe3 40. Rxf5 Rxf2+ 41. Kh3 Bxf4 42. gxf4 e3 43. Rg5+ Kf6 44. Rb5 e2 45. Rxb6+ Kf5 46. Rb2 Kxf4 47. Rb1 Kf3 48. Rg1 Rf1 49. Rg3+ Kf2 50. Rg2+ Kf3 51. Rg3+ Kf4 52. Rg2 e1=Q 53. Rf2+ Rxf2 54. h5 Qe3+ 55. Kh4 Rf3 56. h6 Rh3# 0-1


[Site "https://www.chess.com"]

[Event "Titled Tuesday Blitz August 09 Early 2022"]
[White "Kukreja, Sankalp"]
[Black "Garcia, Erick"]
[WhiteFideId "45027676"]
[BlackFideId "2058880"]
[WhiteElo "2004"]
[BlackElo "2202"]
[Result "1-0"]
[Round "04"]
[TimeControl "180+1"]
[Date "2022.08.09"]
[WhiteClock "0:01:07"]
[BlackClock "0:01:09"]

1. e4 e5 2. Nf3 Nc6 3. Bc4 Nf6 4. d3 Bc5 5. c3 a6 6. Nbd2 Ba7 7. Bb3 O-O 8. O-O d6 9. h3 h6 10. Re1 Re8 11. Nf1 Be6 12. Be3 Bxe3 13. Nxe3 d5 14. exd5 Nxd5 15. Nc4 f6 16. d4 exd4 17. Nxd4 Nxd4 18. Qxd4 Bf7 19. Rad1 c6 20. Rxe8+ Bxe8 21. Nb6 Rb8 22. Nxd5 cxd5 23. Bxd5+ Kh8 24. Qf4 b5 25. Bb3 Qb6 26. Bc2 Bf7 27. Rd6 Qb7 28. Rxf6 gxf6 29. Qxh6+ Kg8 30. Bh7+ Kh8 31. Be4+ 1-0


[Site "https://www.chess.com"]

[Event "Titled Tuesday Blitz August 09 Early 2022"]
[White "Kuznetsova, Olga"]
[Black "Ezat, Mohamed"]
[WhiteFideId "4191323"]
[BlackFideId "10600906"]
[WhiteElo "2134"]
[BlackElo "2386"]
[Result "1/2-1/2"]
[Round "04"]
[TimeControl "180+1"]
[Date "2022.08.09"]
[WhiteClock "0:00:14"]
[BlackClock "0:00:05"]

1. d4 Nf6 2. Bf4 d5 3. e3 c5 4. c3 Nc6 5. Nd2 Bg4 6. Qb3 Qc8 7. Ngf3 Bxf3 8. Nxf3 e6 9. h3 Be7 10. Be2 O-O 11. O-O Ne4 12. Rfd1 Qd7 13. Ne5 Nxe5 14. Bxe5 a6 15. Qc2 Rac8 16. dxc5 Nxc5 17. e4 Bd6 18. Bxd6 Qxd6 19. exd5 exd5 20. Bf3 Ne6 21. Rxd5 Qc7 22. Rad1 b5 23. Bg4 Rce8 24. Bxe6 Rxe6 25. Rd7 Re1+ 26. Rxe1 Qxd7 27. Qe4 g6 28. g3 Qxh3 29. Qc6 Qc8 30. Qxc8 Rxc8 31. Rd1 Rc6 32. Rd5 h5 33. Kg2 Kg7 34. f4 Kf6 35. Kf3 Ke6 36. Rd8 Rd6 37. Ra8 Kd5 38. Ke3 Kc5 39. Rc8+ Kb6 40. Rf8 Rd7 41. b4 Kc6 42. Ra8 Kb7 43. Rf8 Kb6 44. Rb8+ Ka7 45. Rf8 Kb7 46. a3 Kc7 47. Ra8 Kb6 48. Rf8 a5 49. bxa5+ Kxa5 50. Ra8+ Kb6 51. a4 bxa4 52. Rxa4 Kc5 53. Re4 Ra7 54. Re8 Kc4 55. Rc8+ Kb3 56. Ke4 Re7+ 57. Kf3 Rd7 58. Ke4 Kc2 59. Rc6 Kb3 60. Kf3 Re7 61. g4 Kc2 62. gxh5 gxh5 63. Rc5 Rd7 64. Rxh5 Kxc3 65. Re5 Kd4 66. Re8 Rd6 67. Kg4 Rg6+ 68. Kf5 Rd6 69. Re1 1/2-1/2


[Site "https://www.chess.com"]

[Event "Titled Tuesday Blitz August 09 Early 2022"]
[White "Lagno, Kateryna"]
[Black "Williams, Simon K"]
[WhiteFideId "14109336"]
[BlackFideId "404454"]
[WhiteElo "2522"]
[BlackElo "2468"]
[Result "1-0"]
[Round "04"]
[TimeControl "180+1"]
[Date "2022.08.09"]
[WhiteClock "0:00:19"]
[BlackClock "0:00:07"]

1. e4 e6 2. d4 b6 3. Bd3 Bb7 4. Nf3 d6 5. O-O Nd7 6. c4 g6 7. Bg5 Ne7 8. Nc3 h6 9. Be3 Bg7 10. Qd2 g5 11. h4 Ng6 12. hxg5 hxg5 13. Bxg5 Bf6 14. Rfe1 Rh5 15. Be3 Qe7 16. Kf1 O-O-O 17. Ke2 Rdh8 18. Kd1 Kb8 19. Kc2 c5 20. Be2 cxd4 21. Nxd4 Rc5 22. Ndb5 d5 23. exd5 exd5 24. Bxc5 Qxc5 25. Nxd5 Bg7 26. Rad1 a6 27. Nbc3 Nde5 28. Kb1 Nxc4 29. Bxc4 Qxc4 30. Nxb6 Qc6 31. Qd6+ Qxd6 32. Rxd6 Bxg2 33. Rd7 Ne5 34. Re7 Nc6 35. Rxf7 Bd4 36. a3 Bxb6 37. Re6 Rd8 38. Ka2 Bc7 39. Rg7 Bf3 40. Rh6 Be5 41. Rf7 Bg2 42. Rhh7 Bxc3 43. Rb7+ Ka8 44. bxc3 Bd5+ 45. Kb2 Na5 46. Ra7+ Kb8 47. Rxa6 Nc4+ 48. Kc1 Bb7 49. Rah6 Ne5 50. Rh8 Rxh8 51. Rxh8+ Kc7 52. Rh4 Kd6 53. Rd4+ Kc5 54. f4 Ng6 55. f5 Ne5 56. f6 Bd5 57. a4 Bc4 58. a5 Kb5 59. Rxc4 Kxc4 60. a6 Nd3+ 61. Kd2 1-0


[Site "https://www.chess.com"]

[Event "Titled Tuesday Blitz August 09 Early 2022"]
[White "Lakshmi C"]
[Black "Rom, Jasper"]
[WhiteFideId "25035347"]
[BlackFideId "2023733"]
[WhiteElo "1775"]
[BlackElo "2233"]
[Result "0-1"]
[Round "04"]
[TimeControl "180+1"]
[Date "2022.08.09"]
[WhiteClock "0:00:05"]
[BlackClock "0:00:13"]

1. d4 d5 2. c4 e6 3. Nc3 c6 4. e3 Nf6 5. Nf3 Nbd7 6. b3 Bb4 7. Bd2 O-O 8. Bd3 Re8 9. O-O dxc4 10. bxc4 e5 11. dxe5 Nxe5 12. Nxe5 Rxe5 13. Qc2 Bg4 14. Rab1 Qe7 15. f4 Rh5 16. h3 Be6 17. f5 Bd7 18. e4 Bc5+ 19. Kh1 b6 20. Bf4 Bd6 21. e5 Bxe5 22. Rbe1 Ng4 23. f6 Nxf6 24. Be2 Rf5 25. Bd3 Rxf4 26. Rxf4 Qd6 27. Rff1 Be6 28. Ne4 Nxe4 29. Bxe4 g6 30. Bxc6 Rc8 31. Qe4 Bg3 32. Bd5 Bxe1 33. Bxe6 Qxe6 34. Qxe6 fxe6 35. Rxe1 Kf7 36. Re4 Kf6 37. Kg1 e5 38. Kf2 Kf5 39. Ke3 h5 40. g4+ hxg4 41. hxg4+ Ke6 42. Kd3 Rd8+ 43. Kc3 Rf8 44. Kd3 Rf3+ 45. Ke2 Rf4 46. Rxf4 exf4 47. a4 Ke5 48. Kf3 g5 49. a5 bxa5 50. c5 a4 0-1


[Site "https://www.chess.com"]

[Event "Titled Tuesday Blitz August 09 Early 2022"]
[White "Le, Tuan Minh"]
[Black "Bryakin, Mikhail"]
[WhiteFideId "12401153"]
[BlackFideId "4165314"]
[WhiteElo "2987"]
[BlackElo "2784"]
[Result "1/2-1/2"]
[Round "04"]
[TimeControl "180+1"]
[Date "2022.08.09"]
[WhiteClock "0:00:06"]
[BlackClock "0:00:17"]

1. d4 Nf6 2. Nf3 g6 3. Bg5 Bg7 4. Nbd2 O-O 5. c3 d5 6. e3 Nbd7 7. Bd3 c5 8. O-O Qc7 9. Bf4 Qb6 10. Rb1 Nh5 11. Bg5 Re8 12. Qa4 h6 13. Bh4 g5 14. Bg3 Nxg3 15. hxg3 Rd8 16. Rfe1 e6 17. Qd1 Qc7 18. Rc1 b6 19. c4 Bb7 20. cxd5 Bxd5 21. dxc5 bxc5 22. b3 a5 23. Qc2 a4 24. Bc4 axb3 25. axb3 Nb6 26. Bxd5 Nxd5 27. Ne4 Nb4 28. Qxc5 Qxc5 29. Nxc5 Nd3 30. Nxd3 Rxd3 31. Rb1 Rb8 32. b4 Bc3 33. Rec1 Rxb4 34. Rxb4 Bxb4 35. Ne5 Rc3 36. Rd1 Rc7 37. g4 Kg7 38. Kh2 Bc3 39. Nf3 Bf6 40. g3 Kg6 41. Kg2 h5 42. gxh5+ Kxh5 43. Nd2 Rd7 44. Rh1+ Kg6 45. Ne4 Bg7 46. g4 f5 47. Nc5 Rd6 48. Kf3 Rc6 49. Nd3 Rd6 50. Rd1 Rb6 51. Nc5 Rc6 52. Nd7 Rc4 53. gxf5+ exf5 54. Rd6+ Kf7 55. Nb6 g4+ 56. Kg2 Rc2 57. Rd7+ Kg6 58. Nd5 Be5 59. Re7 Bb8 60. Re6+ Kg5 61. Re8 Rb2 62. Rg8+ Kh6 63. Ne7 f4 64. Rxg4 fxe3 65. Nf5+ Kh5 66. Nxe3 Ba7 67. Re4 Bxe3 68. Rxe3 Kg4 1/2-1/2


[Site "https://www.chess.com"]

[Event "Titled Tuesday Blitz August 09 Early 2022"]
[White "Legenia, Artem"]
[Black "Simonovic, Miroslav"]
[WhiteFideId "14136945"]
[BlackFideId "919152"]
[WhiteElo "1936"]
[BlackElo "2043"]
[Result "1-0"]
[Round "04"]
[TimeControl "180+1"]
[Date "2022.08.09"]
[WhiteClock "0:00:18"]
[BlackClock "0:00:03"]

1. e4 c5 2. Nf3 Nc6 3. Bb5 g6 4. Bxc6 dxc6 5. O-O Bg7 6. h3 e5 7. Nc3 Ne7 8. d3 h6 9. a4 a5 10. Nd2 O-O 11. Nc4 Be6 12. Be3 Bxc4 13. dxc4 b6 14. Qf3 f5 15. exf5 gxf5 16. Rad1 Qc7 17. Qh5 Kh7 18. f4 e4 19. Rd2 Rad8 20. Rfd1 Rxd2 21. Rxd2 Ng6 22. g3 Rf6 23. Kf2 Qf7 24. h4 Qxc4 25. Qd1 Qe6 26. Rd8 Ne7 27. Rb8 Nd5 28. Ne2 Nxe3 29. Kxe3 b5 30. axb5 cxb5 31. Rxb5 Qc4 32. Rxa5 Rg6 33. Qd7 Qxc2 34. Ra7 Qxb2 35. h5 Rb6 36. Qxf5+ Kg8 37. Ra8+ Rb8 38. Qe6+ Kh8 39. Rxb8+ Qxb8 40. f5 Qb3+ 41. Qxb3 Bd4+ 42. Nxd4 cxd4+ 43. Kxd4 Kg7 44. Qe6 Kh8 45. Qxh6+ Kg8 46. Qa6 Kf7 47. Kxe4 Kg7 48. Qg6+ Kh8 49. Qc6 Kg7 50. Ke5 Kf7 51. Qc7+ Kg8 52. Ke6 Kh8 53. Kf6 1-0


[Site "https://www.chess.com"]

[Event "Titled Tuesday Blitz August 09 Early 2022"]
[White "Leschinsky, Gary"]
[Black "Yurovskykh, Oleksandr"]
[WhiteFideId "30951321"]
[BlackFideId "14134020"]
[WhiteElo "1809"]
[BlackElo "2292"]
[Result "0-1"]
[Round "04"]
[TimeControl "180+1"]
[Date "2022.08.09"]
[WhiteClock "0:01:59"]
[BlackClock "0:00:53"]

1. d4 d5 2. c4 dxc4 3. Nf3 Nf6 4. e3 e6 5. Bxc4 c5 6. O-O Nc6 7. Nc3 cxd4 8. exd4 Be7 9. d5 exd5 10. Nxd5 Nxd5 11. Bxd5 O-O 12. Bxc6 bxc6 13. Be3 Bf6 14. Qc2 Rb8 15. Rab1 Qa5 16. a3 Bf5 17. Qxc6 Bxb1 18. Rxb1 Rxb2 19. Rc1 h6 20. h4 Rfb8 21. Bc5 Rb1 22. Bb4 Rxc1+ 23. Qxc1 Qd5 24. Qc7 Rb7 25. Qc8+ Kh7 26. Qc2+ g6 27. Qc8 a5 28. Bc5 Rb1+ 29. Kh2 Be5+ 30. Nxe5 Qxe5+ 31. g3 Qe4 0-1


[Site "https://www.chess.com"]

[Event "Titled Tuesday Blitz August 09 Early 2022"]
[White "Levitskiy, Andrey"]
[Black "Flynn, Jacob"]
[WhiteFideId "14132885"]
[BlackFideId "2509393"]
[WhiteElo "2293"]
[BlackElo "1920"]
[Result "1-0"]
[Round "04"]
[TimeControl "180+1"]
[Date "2022.08.09"]
[WhiteClock "0:00:50"]
[BlackClock "0:00:34"]

1. e4 e5 2. Nf3 Nc6 3. Bc4 Nf6 4. Ng5 d5 5. exd5 Na5 6. Bb5+ c6 7. dxc6 bxc6 8. Bd3 Nd5 9. Nf3 Bd6 10. O-O O-O 11. Re1 f5 12. Nxe5 Qf6 13. Nf3 g5 14. g3 f4 15. Nc3 fxg3 16. hxg3 Qxf3 17. Qxf3 Rxf3 18. Be4 Rf5 19. Bxf5 Bxf5 20. Ne4 Be7 21. d3 h6 22. Bd2 Nb7 23. c4 Nf6 24. Nxg5 Bc5 25. Ne6 Bb6 26. d4 Bxe6 27. Rxe6 Bxd4 28. Be3 Bxe3 29. fxe3 Kf7 30. Rxc6 Nd8 31. Rd6 Ke7 32. Rad1 Nf7 33. Ra6 Ne5 34. b3 Nfg4 35. Rd5 Nf3+ 36. Kh1 Nxe3 37. Rd3 1-0


[Site "https://www.chess.com"]

[Event "Titled Tuesday Blitz August 09 Early 2022"]
[White "Livaic, Leon"]
[Black "Bressac, Stephane"]
[WhiteFideId "14531534"]
[BlackFideId "655945"]
[WhiteElo "2540"]
[BlackElo "2339"]
[Result "1-0"]
[Round "04"]
[TimeControl "180+1"]
[Date "2022.08.09"]
[WhiteClock "0:00:12"]
[BlackClock "0:00:11"]

1. e4 d6 2. d4 Nf6 3. f3 e5 4. dxe5 dxe5 5. Qxd8+ Kxd8 6. Bc4 Be6 7. Bxe6 fxe6 8. Be3 Bd6 9. Nc3 Ke7 10. Nh3 Nc6 11. O-O-O a6 12. Nf2 h6 13. h4 b5 14. h5 Nd4 15. f4 Nc6 16. g3 Rad8 17. Ne2 Rhf8 18. c3 Na5 19. b3 Nc6 20. Kc2 Nd7 21. Ng4 Nf6 22. Nxf6 Rxf6 23. Rh4 Rf7 24. Rg4 Nb8 25. fxe5 Bxe5 26. Rxd8 Kxd8 27. Nd4 Ke7 28. Rg6 Bxd4 29. Bxd4 Nd7 30. Bxg7 Rf2+ 31. Kd3 Kf7 32. Bd4 Rg2 33. a4 c5 34. Bh8 c4+ 35. bxc4 bxa4 36. Rg7+ Ke8 37. Rg8+ Kf7 38. Ra8 a3 39. Bd4 e5 40. Be3 Rxg3 41. Ke2 Rg2+ 42. Bf2 a2 43. Rxa6 Rh2 44. Rxa2 Nf6 45. Kf3 Rxh5 46. Bg3 Rh1 47. Ra7+ Kg6 48. Bxe5 Nh5 49. Ra6+ Kh7 50. Kg4 Ng7 51. Ra7 Rg1+ 52. Kf3 Rf1+ 53. Ke2 Rg1 54. Rxg7+ Rxg7 55. Bxg7 Kxg7 56. Kf3 Kf6 57. c5 Ke6 58. Kg4 Ke5 59. Kh5 Kxe4 60. c6 Kd5 61. c7 Kc5 62. c8=Q+ Kb6 63. c4 Ka7 64. Qc6 Kb8 65. Qd7 Ka8 66. c5 Kb8 67. c6 Ka8 68. Qb7# 1-0


[Site "https://www.chess.com"]

[Event "Titled Tuesday Blitz August 09 Early 2022"]
[White "Ljukin, Sergei"]
[Black "Eynullayev, Atilla"]
[WhiteFideId "14102200"]
[BlackFideId "13413570"]
[WhiteElo "2312"]
[BlackElo "1936"]
[Result "0-1"]
[Round "04"]
[TimeControl "180+1"]
[Date "2022.08.09"]
[WhiteClock "0:00:07"]
[BlackClock "0:00:33"]

1. e4 c5 2. Nf3 d6 3. d4 cxd4 4. Nxd4 Nf6 5. Nc3 a6 6. Bg5 Nbd7 7. f4 Qc7 8. Qf3 h6 9. Bxf6 Nxf6 10. f5 Qc5 11. O-O-O g5 12. g4 Bg7 13. h4 Qe5 14. Nd5 Nxd5 15. exd5 Bd7 16. Bg2 O-O-O 17. Rhe1 Qf6 18. hxg5 hxg5 19. Rd3 Bb5 20. Rc3+ Kb8 21. Re4 Rc8 22. Rb3 Rc5 23. a4 Bc4 24. Nc6+ Ka8 25. Rxb7 Kxb7 26. Rxe7+ Kc8 27. c3 Rxc6 28. dxc6 Qxe7 29. Qf2 Be5 0-1


[Site "https://www.chess.com"]

[Event "Titled Tuesday Blitz August 09 Early 2022"]
[White "Locci, Damiano"]
[Black "Rose, Felix"]
[WhiteFideId "819751"]
[BlackFideId "5105722"]
[WhiteElo "2435"]
[BlackElo "2039"]
[Result "0-1"]
[Round "04"]
[TimeControl "180+1"]
[Date "2022.08.09"]
[WhiteClock "0:00:03"]
[BlackClock "0:00:11"]

1. c4 e6 2. d4 d5 3. Nc3 Nf6 4. Bg5 Be7 5. Nf3 Nbd7 6. e3 h6 7. Bh4 O-O 8. Rc1 c5 9. cxd5 cxd4 10. Nxd4 Nxd5 11. Bxe7 Nxe7 12. Bd3 Ne5 13. Bb1 Bd7 14. O-O Qb6 15. Qh5 N5c6 16. Nf3 Rfd8 17. b3 Qa5 18. Qh4 Nf5 19. Qe4 Nce7 20. Ne5 Rac8 21. g4 Rxc3 22. gxf5 Nxf5 23. Rxc3 Qxc3 24. Rd1 Qc7 25. f4 Bc6 26. Rxd8+ Qxd8 27. Nxc6 bxc6 28. Bd3 c5 29. Kf2 Qh4+ 30. Kg1 Qh3 31. Bf1 Qxe3+ 32. Qxe3 Nxe3 33. Bd3 Nd5 34. f5 exf5 35. Bxf5 Kf8 36. Be4 Nc3 37. Bf3 Nxa2 38. Kf2 Ke7 39. Ke3 Kd6 40. Bh5 a5 41. Bxf7 Nb4 42. Kf4 Ke7 43. Bc4 Kf6 44. Ke4 g5 45. Kf3 h5 46. Kg3 Kf5 47. Kf3 h4 48. Bb5 g4+ 49. Ke3 Ke5 50. Bd7 g3 51. hxg3 hxg3 52. Kf3 Kd4 53. Kxg3 Kc3 54. Be6 Nd3 55. Bg8 Nc1 56. Kf3 Nxb3 57. Ke2 a4 58. Kd1 a3 0-1


[Site "https://www.chess.com"]

[Event "Titled Tuesday Blitz August 09 Early 2022"]
[White "Machidon, Cristi"]
[Black "Leve, Nitai"]
[WhiteFideId "13904590"]
[BlackFideId "2006898"]
[WhiteElo "2312"]
[BlackElo "2144"]
[Result "1-0"]
[Round "04"]
[TimeControl "180+1"]
[Date "2022.08.09"]
[WhiteClock "0:00:06"]
[BlackClock "0:00:08"]

1. Nf3 d5 2. g3 Nf6 3. Bg2 Nc6 4. c4 e5 5. cxd5 Nxd5 6. d3 Be6 7. O-O Be7 8. a3 a5 9. Nbd2 f5 10. Nc4 Bf6 11. e4 fxe4 12. dxe4 Nde7 13. Qc2 O-O 14. Ng5 Bxg5 15. Bxg5 Nd4 16. Bxe7 Nxc2 17. Bxd8 Nxa1 18. Bxc7 Bxc4 19. Rxa1 Rfe8 20. Rc1 b5 21. Bh3 Be6 22. Bf1 Rec8 23. Rc5 b4 24. axb4 axb4 25. Rxe5 Bg4 26. Bb6 Bf3 27. Rf5 Bxe4 28. Rf4 Bd5 29. Rd4 Bb7 30. Bc4+ Kh8 31. f4 Ra1+ 32. Kf2 Rc1 33. b3 Rc2+ 34. Ke3 Re8+ 35. Kd3 Rc3+ 36. Kd2 h6 37. Ba5 Rf3 38. Bxb4 Rf2+ 39. Kd1 Bf3+ 40. Kc1 Rxh2 41. Bd2 Be2 42. Bd5 Ba6 43. f5 Rc8+ 44. Kb2 Re8 45. Kc3 Bc8 46. Bf4 Bxf5 47. Bc4 Rf2 48. Rd6 Rf3+ 49. Kb4 Rb8+ 50. Kc5 Rc8+ 51. Kd4 Bc2 52. b4 Bb3 53. Bb5 Ba2 54. Bd7 Rc4+ 55. Ke5 Rxb4 56. Bf5 Rb5+ 57. Ke4 Bb1+ 58. Kxf3 Bxf5 59. Rd8+ Kh7 60. Rd4 Kg6 61. Be3 Rb3 62. Kf4 Be6 63. Rd6 Kf7 64. Bd4 g5+ 65. Ke5 Rb5+ 66. Ke4 Bf5+ 67. Ke3 Rb3+ 68. Kf2 h5 69. Rf6+ Ke7 70. Rxf5 h4 71. g4 Rb4 72. Ke3 h3 73. Rxg5 Rb3+ 74. Ke4 Ke6 75. Rh5 Rg3 76. Kf4 Rd3 77. Be3 Ra3 78. Rh6+ Kf7 79. Rxh3 Ra4+ 80. Kf5 Ra3 81. Rh7+ Kg8 82. Rh3 Ra5+ 83. Kg6 Ra4 84. Rg3 Kf8 85. Bh6+ Ke7 86. g5 Ke6 87. Re3+ Kd5 88. Kf5 Ra1 89. g6 Rf1+ 90. Bf4 Kd4 91. Rg3 Rg1 92. Rxg1 1-0


[Site "https://www.chess.com"]